 Dungeon Crawl Stone Soup version 0.26.1-11-gd32895ea62 (webtiles) character file.

Game seed: 15738155520924428036

1474 DearestLeader the Grave Robber (level 8, -5/58 HPs)
             Began as a Gnoll Necromancer on Apr 20, 2021.
             Slain by Prince Ribbit (14 damage)
             ... on level 5 of the Dungeon.
             The game lasted 00:11:58 (6282 turns).

DearestLeader the Grave Robber (Gnoll Necromancer)  Turns: 6282, Time: 00:11:58

Health: -5/58      AC:  8    Str: 12    XL:     8   Next: 78%
Magic:  2/17       EV: 12    Int: 19    God:
Gold:   340        SH:  0    Dex: 15    Spells: 10/19 levels left

rFire    . . .     SeeInvis .   n - +5 mace (drain)
rCold    . . .     Faith    .   (no shield)
rNeg     . . .     Spirit   .   D - +0 scale mail {Will+}
rPois    .         Reflect  .   (no helmet)
rElec    .         Harm     .   B - +0 cloak
rCorr    .         Rampage  .   (no gloves)
Will     +....                  (no boots)
Stlth    ++........             (no amulet)
HPRegen  0.19/turn              (no ring)
MPRegen  0.15/turn              (no ring)

@: about to teleport
A: distributed training, fangs 1, strong nose
a: no special abilities


You were on level 5 of the Dungeon.
You visited 1 branch of the dungeon, and saw 5 of its levels.

You collected 340 gold pieces.

Inventory:

Hand Weapons
 b - a +1 dagger of holy wrath
 n - a +5 mace of draining (weapon)
 s - a +0 vorpal great sword
 H - a +7 antimagic spear
Missiles
 e - 4 silver javelins (quivered)
 i - 41 poisoned darts
 F - 7 atropa-tipped darts
Armour
 k - a +0 robe of willpower
 B - a +0 cloak (worn)
 D - a +0 scale mail of willpower (worn)
Jewellery
 C - an uncursed amulet of faith
Wands
 c - a wand of flame (13)
 d - a wand of iceblast (4)
 z - a wand of random effects (13)
 E - a wand of acid (1)
Scrolls
 a - 4 scrolls of teleportation
 g - 2 scrolls of enchant armour {unknown}
 j - a scroll of magic mapping {unknown}
 o - a scroll of fog {unknown}
 p - a scroll of enchant weapon {unknown}
 q - 2 scrolls of immolation {unknown}
 w - a scroll of blinking {unknown}
 A - a scroll of brand weapon {unknown}
Potions
 f - 2 potions of curing
 l - a potion of might
 m - 2 potions of brilliance
 r - a potion of attraction {unknown}
 t - a potion of invisibility {unknown}
 u - a potion of cancellation {unknown}
 v - a potion of heal wounds {unknown}
 G - 2 potions of magic {unknown}


   Skills:
 + Level 3.5 Fighting
 + Level 3.5 Short Blades
 + Level 3.5 Long Blades
 + Level 3.5 Axes
 + Level 3.5 Maces & Flails
 + Level 3.5 Polearms
 + Level 3.5 Staves
 + Level 3.5 Slings
 + Level 3.5 Bows
 + Level 3.5 Crossbows
 + Level 3.5 Throwing
 + Level 3.5 Armour
 + Level 5.9 Dodging
 + Level 5.5 Stealth
 + Level 3.5 Shields
 + Level 3.5 Unarmed Combat
 + Level 6.2 Spellcasting
 + Level 2.9 Conjurations
 + Level 2.9 Hexes
 + Level 2.9 Summonings
 + Level 7.7 Necromancy
 + Level 2.9 Translocations
 + Level 2.9 Transmutations
 + Level 2.9 Fire Magic
 + Level 2.9 Ice Magic
 + Level 2.9 Air Magic
 + Level 2.9 Earth Magic
 + Level 2.9 Poison Magic
 + Level 3.9 Invocations
 + Level 3.5 Evocations


You had 10 spell levels left.
You knew the following spells:

 Your Spells              Type           Power        Failure   Level
a - Pain                  Necr           100%         2%          1
b - Animate Skeleton      Necr           70%          2%          1
c - Vampiric Draining     Necr           17%          6%          3
d - Animate Dead          Necr           17%          22%         4

Your spell library contained the following spells:

 Spells                   Type           Power        Failure   Level
 Agony                    Necr           35%          52%         5


Dungeon Overview and Level Annotations

Branches:
Dungeon (5/15)             Temple (0/1) D:4

Altars:
Hepliaklqana
Nemelex Xobeh
Okawaru
Ru
Wu Jian
Xom
Yredelemnul
The Shining One

Annotations:
D:3 2 transporters, dreux's ghost, amateur HuAE
D:5 Prince Ribbit


Innate Abilities, Weirdness & Mutations

Your experience applies equally to all skills.
You have very sharp teeth.
Your uncanny sense of smell can sniff out nearby items.


Message History

You feel life coursing into your body.
The ice beast hits you but does no damage.
You sock the ice beast!
You kill the ice beast!
Prince Ribbit blinks!
Prince Ribbit hits you.
Prince Ribbit hops awkwardly around.
Prince Ribbit lets out a mournful croak.
Prince Ribbit hits you!
* * * LOW HITPOINT WARNING * * *
There is an open door, spattered with blood here.
You hit Prince Ribbit. You bite Prince Ribbit.
Prince Ribbit is heavily wounded.
Prince Ribbit closely misses you.
Unknown command.
Okay, then.
As you read the scroll of teleportation, it crumbles to dust.
You feel strangely unstable. Prince Ribbit closely misses you.
Prince Ribbit hits you!
You die...

#.....#......# #.....
#.....#......# +.....
#.....'......# #.....
#####'#......# #.....
#.......###########+###
#.......#.. ........).
#.......#..............
#.....F.# #...##..#####
#....#@####...##..#....
#....#.........'..'....
#....#.........#).#....
#####....###.####'##'##....
...........#.###..#.!......
...........#......#........
...........'....>.'........
...........#......#........
...........######'#).......


You could see Prince Ribbit.

Vanquished Creatures
  A hornet (D:4)
  Sigmund (D:2)
  An ice beast (D:5)
  2 ogres (D:4)
  2 phantoms
  A gnoll sergeant (D:5)
  A water moccasin skeleton (D:4)
  2 howler monkeys (D:4)
  3 orc priests
  A centaur skeleton (D:4)
  A hound (D:4)
  2 orc wizards
  Terence (D:2)
  Natasha (D:4)
  A worker ant (D:4)
  A hound skeleton (D:4)
  A howler monkey zombie (D:5)
  4 gnolls (D:5)
  6 adders
  A white imp (D:5)
  2 oozes
  3 worms
  A dart slug (D:3)
  A leopard gecko (D:4)
  17 orcs
  3 giant cockroaches
  7 goblins
  7 hobgoblins
  10 jackals
  2 quokkas
  2 ball pythons
  3 bats
  4 frilled lizards
  A jackal skeleton (D:4)
  8 kobolds
  6 rats
  A spectral orc (D:4)
112 creatures vanquished.

Vanquished Creatures (collateral kills)
  A leopard gecko (D:2)
  An orc (D:4)
2 creatures vanquished.

Grand Total: 114 creatures vanquished

Notes
Turn   | Place    | Note
-------+----------+-------------------------------------------
     0 | D:1      | DearestLeader the Gnoll Necromancer began the quest for the
                  | Orb.
     0 | D:1      | Reached XP level 1. HP: 13/13 MP: 6/6
   167 | D:1      | Reached XP level 2. HP: 2/19 MP: 1/7
   170 | D:1      | Learned a level 1 spell: Animate Skeleton
  1478 | D:2      | Found a sparkling altar of Nemelex Xobeh.
  1532 | D:2      | Reached XP level 3. HP: 19/25 MP: 6/9
  1537 | D:2      | Reached skill level 5 in Spellcasting
  1539 | D:2      | Noticed Sigmund
  1797 | D:1      | Learned a level 3 spell: Vampiric Draining
  1838 | D:2      | Found an ornate altar of the Wu Jian Council.
  1863 | D:2      | Killed Sigmund
  1864 | D:2      | Reached skill level 1 in Fighting
  1864 | D:2      | Reached skill level 1 in Short Blades
  1864 | D:2      | Reached skill level 1 in Long Blades
  1864 | D:2      | Reached skill level 1 in Axes
  1864 | D:2      | Reached skill level 1 in Maces & Flails
  1864 | D:2      | Reached skill level 1 in Polearms
  1864 | D:2      | Reached skill level 1 in Staves
  1864 | D:2      | Reached skill level 1 in Slings
  1864 | D:2      | Reached skill level 1 in Bows
  1864 | D:2      | Reached skill level 1 in Crossbows
  1864 | D:2      | Reached skill level 1 in Throwing
  1864 | D:2      | Reached skill level 1 in Armour
  1864 | D:2      | Reached skill level 1 in Shields
  1864 | D:2      | Reached skill level 1 in Unarmed Combat
  1864 | D:2      | Reached skill level 1 in Conjurations
  1864 | D:2      | Reached skill level 1 in Hexes
  1864 | D:2      | Reached skill level 1 in Summonings
  1864 | D:2      | Reached skill level 1 in Translocations
  1864 | D:2      | Reached skill level 1 in Transmutations
  1864 | D:2      | Reached skill level 1 in Fire Magic
  1864 | D:2      | Reached skill level 1 in Ice Magic
  1864 | D:2      | Reached skill level 1 in Air Magic
  1864 | D:2      | Reached skill level 1 in Earth Magic
  1864 | D:2      | Reached skill level 1 in Poison Magic
  1864 | D:2      | Reached skill level 1 in Invocations
  1864 | D:2      | Reached skill level 1 in Evocations
  1864 | D:2      | Reached XP level 4. HP: 11/32 MP: 2/11
  1864 | D:2      | Reached XP level 5. HP: 12/37 MP: 2/12
  2286 | D:2      | Noticed Terence
  2291 | D:2      | Killed Terence
  2519 | D:2      | Found a shimmering altar of Xom.
  2530 | D:2      | Found a shimmering altar of Xom.
  2530 | D:2      | Found a shimmering altar of Xom.
  2530 | D:2      | Found a shimmering altar of Xom.
  2530 | D:2      | Found a shimmering altar of Xom.
  2531 | D:2      | Found a shimmering altar of Xom.
  2537 | D:2      | Learned a level 4 spell: Animate Dead
  2646 | D:3      | Reached XP level 6. HP: 41/44 MP: 13/13
  2783 | D:3      | Found a hazy altar of Hepliaklqana.
  2864 | D:3      | Found a transporter.
  2873 | D:3      | Found a transporter.
  2884 | D:3      | Noticed dreux's ghost (amateur HuAE)
  2906 | D:3      | Reached skill level 5 in Dodging
  3046 | D:3      | Found a glowing golden altar of the Shining One.
  3206 | D:3      | Found an iron altar of Okawaru.
  3533 | D:4      | Noticed a phantom
  3591 | D:4      | Killed a phantom
  3592 | D:4      | Reached XP level 7. HP: 40/50 MP: 12/15
  3998 | D:4      | Found a basalt altar of Yredelemnul.
  4132 | D:4      | Found a staircase to the Ecumenical Temple.
  4132 | D:4      | Noticed a hornet
  4139 | D:4      | Killed a hornet
  4140 | D:4      | Reached skill level 5 in Stealth
  4423 | D:4      | Reached XP level 8. HP: 38/57 MP: 5/16
  5220 | D:4      | Noticed Natasha
  5239 | D:4      | Killed Natasha
  5469 | D:5      | Entered Level 5 of the Dungeon
  5587 | D:5      | Found a sacrificial altar of Ru.
  6253 | D:5      | Noticed Prince Ribbit
  6282 | D:5      | Slain by Prince Ribbit

Illustrated notes

Levels and vault maps discovered:
D:1:      heliophobic_arrival_enchanted_forest, layout_basic, dk_noncrumbling_2,
          lemuel_another_geyser
D:2:      layout_basic, nicolae_overflow_hidden_temple,
          overflow_temple_1_default, st_stairs_1, xom_redecorated, uniq_terence,
          uniq_sigmund
D:3:      layout_basic, nzn_hepliaklqana_mist_gate, kennysheep_okawaru_gauntlet,
          lemuel_doored_altar, gammafunk_ghost_arena
D:4:      layout_basic, yredelemnul_forgotten_temple_becter, temple_statues,
          uniq_natasha
D:5:      layout_gridville, nicolae_ru_sacrificial_ziggurat, uniq_prince_ribbit1

Skill      XL: |  1  2  3  4  5  6  7  8 |
---------------+-------------------------+-----
Spellcasting   | 5 6 |  6.2
Fighting       | 1 2 3 |  3.5
Short Blades   | 1 2 3 |  3.5
Long Blades    | 1 2 3 |  3.5
Axes           | 1 2 3 |  3.5
Maces & Flails | 1 2 3 |  3.5
Polearms       | 1 2 3 |  3.5
Staves         | 1 2 3 |  3.5
Slings         | 1 2 3 |  3.5
Bows           | 1 2 3 |  3.5
Crossbows      | 1 2 3 |  3.5
Throwing       | 1 2 3 |  3.5
Armour         | 1 2 3 |  3.5
Shields        | 1 2 3 |  3.5
Unarmed Combat | 1 2 3 |  3.5
Conjurations   | 1 2 |  2.9
Hexes          | 1 2 |  2.9
Summonings     | 1 2 |  2.9
Translocations | 1 2 |  2.9
Transmutations | 1 2 |  2.9
Fire Magic     | 1 2 |  2.9
Ice Magic      | 1 2 |  2.9
Air Magic      | 1 2 |  2.9
Earth Magic    | 1 2 |  2.9
Poison Magic   | 1 2 |  2.9
Invocations    | 1 2 3 |  3.9
Evocations     | 1 2 3 |  3.5
Dodging        | 5 |  5.9
Stealth        | 5 |  5.5
Necromancy     | |  7.7

Action                   |  1- 3 |  4- 6 |  7- 9 || total
-------------------------+-------+-------+-------++-------
Melee: Dagger            |    62 |    41 |     2 ||   105
       Bite              |     8 |     9 |    15 ||    32
       Mace              |       |    77 |   133 ||   210
       Punch             |       |     1 |     2 ||     3
       Spear             |       |       |    11 ||    11
 Cast: Pain              |    17 |    14 |     6 ||    37
       Animate Skeleton  |     3 |     3 |       ||     6
       Vampiric Draining |     2 |    12 |    20 ||    34
       Animate Dead      |       |     2 |     4 ||     6
  Use: Scroll            |     2 |     1 |     4 ||     7
 Stab: Sleeping          |     4 |     6 |     4 ||    14
Armor: Ring mail         |    22 |    19 |    32 ||    73
       Scale mail        |       |       |     8 ||     8
Dodge: Dodged            |    52 |    77 |   108 ||   237
